 Dungeon Crawl Stone Soup version 0.20-a0-1039-gf554463 (console) character file.

34 r4s the Sneak (level 3, -1/17 HPs)
             Began as a Felid Chaos Knight on Apr 22, 2017.
             Slain by a jackal (3 damage)
             ... on level 2 of the Dungeon.
             The game lasted 00:04:10 (894 turns).

r4s the Sneak (Felid Chaos Knight)                   Turns: 894, Time: 00:04:11

Health: -1/17      AC:  1    Str:  9    XL:     3   Next: 14%
Magic:  4/4        EV: 18    Int: 13    God:    Xom [.*....]
Gold:   143        SH:  0    Dex: 15    Spells: 2/2 levels left
                                        Lives:  0   Deaths: 0

rFire    . . .     SeeInvis +     - Unarmed
rCold    . . .     Gourm    .   (shield unavailable)
rNeg     . . .     Faith    .   (armour unavailable)
rPois    .         Spirit   .   (helmet unavailable)
rElec    .         Reflect  .   (cloak unavailable)
rCorr    .         Harm     .   (gloves unavailable)
MR       .....                  (boots unavailable)
Stlth    +++.......             (no amulet)
Regen    0.1/turn               (no ring)
MPRegen  0.1/turn               (no ring)

@: quick
A: no armour, no weapons or thrown items, stealth, claws 1, fangs 3, see
invisible, carnivore 3, speed 1, shaggy fur 1, slow metabolism 1, sharp paws
a: Renounce Religion


You were on level 2 of the Dungeon.
You worshipped Xom.
You were a plaything of Xom.
You were completely stuffed.

You visited 1 branch of the dungeon, and saw 2 of its levels.

You collected 143 gold pieces.

Inventory:

Scrolls
 d - a scroll of fog
 f - a scroll of teleportation {unknown}
 g - a scroll of amnesia {unknown}
 i - a scroll of noise {unknown}
 m - a scroll of identify {unknown}
 n - a scroll of blinking {unknown}
 o - a scroll of enchant weapon {unknown}
Potions
 b - a potion of might {unknown}
 e - a potion of cancellation {unknown}
 j - a potion of invisibility {unknown}
 k - a potion of curing {unknown}
 l - a potion of brilliance {unknown}
Comestibles
 a - 3 meat rations
 c - 4 chunks of flesh
 h - a royal jelly


   Skills:
 + Level 3.1 Fighting
 + Level 3.3 Dodging
 + Level 3.8 Stealth
 + Level 3.0 Unarmed Combat


You had 2 spell levels left.
You didn't know any spells.

Dungeon Overview and Level Annotations

Branches:
Dungeon (2/15)

Altars:
Okawaru


Innate Abilities, Weirdness & Mutations

You cannot wear armour.
You are incapable of wielding weapons or throwing items.
Your paws allow you to move quietly. (Stealth)
You have sharp claws.
You have razor-sharp teeth.
You have supernaturally acute eyesight. (SInv)
You are carnivorous and can eat meat at any time.
You cover ground quickly.
You are covered in fur. (AC +1)
You have a slow metabolism.
Your sharp claws are effective at attacking unaware monsters.


Message History

You claw the jackal!
You kill the jackal!
The jackal bites you.
* * * LOW HITPOINT WARNING * * *
The jackal barks!
You scratch the jackal. You bite the jackal.
You kill the jackal!
You hear a shout!
You scratch the jackal.
The jackal is moderately wounded.
The jackal bites you.
* * * LOW HITPOINT WARNING * * *
You scratch the jackal but do no damage.
The jackal is moderately wounded.
The jackal closely misses you. The jackal bites you.
* * * LOW HITPOINT WARNING * * *
You barely miss the jackal.
The jackal is moderately wounded.
The jackal bites you.
You die...

######.#
#§h@...#
#§###### #§#
#§# #§# #§#
#h#####
#h....####
####.###....#


You could see a jackal.

Vanquished Creatures
  A worm (D:2)
  A dart slug (D:1)
  A giant cockroach (D:2)
  2 goblins (D:1)
  4 hobgoblins
  3 jackals (D:2)
  4 kobolds
  5 bats
  4 frilled lizards (D:1)
  3 rats
28 creatures vanquished.

Notes
Turn   | Place    | Note
-------+----------+-------------------------------------------
     0 | D:1      | r4s the Felid Chaos Knight began the quest for the Orb.
     0 | D:1      | Reached XP level 1. HP: 10/10 MP: 2/2
    48 | D:2      | XOM: noise
    79 | D:1      | Reached skill level 1 in Stealth
   168 | D:1      | XOM: divination: detect creatures
   305 | D:1      | Reached XP level 2. HP: 14/14 MP: 3/3
   307 | D:1      | XOM: cloud trail
   544 | D:1      | XOM: silly message
   678 | D:2      | XOM: butterfly on damage
   789 | D:2      | Reached XP level 3. HP: 7/17 MP: 4/4
   871 | D:2      | Found an iron altar of Okawaru.
   871 | D:2      | XOM: 7-stop teleportation journey
   894 | D:2      | Slain by a jackal

Vault maps used:
D:1:      grunt_arrival_crossed_arrows
D:2:      nicolae_gozag_cash_rules_everything_around_me, okawaru_trees_2

Skill      XL: |  1  2 |
---------------+-------+-----
Stealth        | 2 3 |  3.8
Fighting       | |  3.1
Dodging        | |  3.3
Unarmed Combat | |  3.0

Action                   || total
-------------------------++-------
Melee: Unarmed           ||    73
       Bite              ||     7
  Use: Scroll            ||     1
 Stab: Sleeping          ||     3
  Eat: Chunk             ||     7
Armor: Skin              ||     2
Dodge: Dodged            ||    57
